 Dungeon Crawl Stone Soup version 0.32-a0-918-g0f22ef8d61 (webtiles) character file.

Game seed: 11059017583539649956

347 jlumianski the Chopper (level 6, -12/47 HPs)
             Began as a Coglin Gladiator on Apr 10, 2024.
             Killed by divine providence
             ... invoked by an orc priest
              (15 damage)
             ... on level 3 of the Dungeon.
             The game lasted 00:14:30 (2164 turns).

jlumianski the Chopper (Coglin Gladiator)           Turns: 2164, Time: 00:14:31

Health: -12/47     AC: 12    Str: 17    XL:     6   Next: 59%
Magic:  6/6        EV:  9    Int:  7    God:
Gold:   127        SH:  0    Dex: 15    Spells: 5/5 levels left

rFire   . . .        a - +0 war axe {Raúl}
rCold   . . .        f - +1 dagger {Rabni}
rNeg    . . .        g - +4 scale mail
rPois   .            c - +0 helmet
rElec   .            (no cloak)
rCorr   .            (no gloves)
SInv    .            o - +0 pair of boots
Will    .....        (amulet unavailable) Stlth
                     (ring unavailable)
HPRegen 0.27/turn    (ring unavailable)
MPRegen 0.10/turn    (no gizmo)

%: no passive effects
@: revved
A: off-hand wielding, slow wielding, warmup strikes, no jewellery
a: Invent Gizmo, Convert to Beogh


You were on level 3 of the Dungeon.
You visited 1 branch of the dungeon, and saw 6 of its levels.

You collected 127 gold pieces.

Inventory:

Hand Weapons
 a - a +0 war axe (weapon) {Raúl}
 f - a +1 dagger (offhand) {Rabni}
Missiles
 d - 3 throwing nets
 j - 2 boomerangs
Armour
 b - a +0 leather armour
 c - a +0 helmet (worn)
 g - a +4 scale mail (worn)
 o - a +0 pair of boots (worn)
Scrolls
 i - a scroll of poison
 k - a scroll of teleportation {unknown}
Potions
 h - a potion of curing


   Skills:
 + Level 3.0 Fighting
 + Level 1.2 Short Blades
 + Level 5.3 Axes
 + Level 1.8 Throwing
 + Level 2.2 Armour
 + Level 3.3 Dodging
 + Level 0.5 Stealth


You had 5 spell levels left.
You didn't know any spells.
Your spell library was empty.

Dungeon Overview and Level Annotations

Branches:
Dungeon (6/15)
 Temple: D:4-7

Altars:
Ashenzari
Cheibriados
Dithmenos
Elyvilon

Annotations:
D:4 Sigmund


Innate Abilities, Weirdness & Mutations

You can wield a second weapon in your off-hand.
It takes a long time for you to wield or remove held weapons.
Your first few attacks do less damage.
You cannot equip rings or amulets.


Message History

The orc closely misses you.
Throw: javelin
Press: ? - help, Q - select action, (/) - cycle Shift-Dir - straight line, f - orc
Aim: an orc, wielding a +0 club (almost dead, 56% to hit)
You throw a javelin. The javelin barely misses the orc.
The orc priest shouts, "Surrender to Beogh and we'll let you live!"
The javelin pierces through the orc wizard.
The orc wizard is severely wounded.
The javelin closely misses the orc priest.
The orc priest calls upon Beogh to heal the orc wizard.
The orc wizard is healed somewhat.
The orc closely misses you.
You slash the orc with your +0 war axe!
You kill the orc!
The orc wizard casts a spell at you. You resist with some effort.
The orc priest hits you but does no damage.
The orc priest invokes the aid of Beogh against you.
Beogh smites you!
* * * LOW HITPOINT WARNING * * *
The orc wizard hits you but does no damage.
The orc priest hits you from afar with a +0 trident.
* * * LOW HITPOINT WARNING * * *
You hit the orc wizard but do no damage.
The orc wizard is heavily wounded.
You closely miss the orc wizard with your +0 war axe.
The orc wizard hits you but does no damage.
The orc priest invokes the aid of Beogh against you.
Beogh smites you!
* * * LOW HITPOINT WARNING * * *
You slash the orc wizard with your +0 war axe!
The orc wizard is almost dead.
You barely miss the orc wizard with your +1 dagger.
The orc wizard closely misses you.
The orc priest hits you but does no damage.
The orc wizard casts a spell.
The orc wizard flickers and vanishes!
Deactivating autopickup; reactivate with Ctrl-A.
The orc priest calls down the wrath of Beogh upon you.
Beogh smites you!
You die...

##.# #.###....#...)...#.# ##.#
##.#.##..##.##..##.# ##.#
##########.###..##......... ##.##
#.<........###............#
#.#.###.########..........#######
.###.##.......).......##...# ##
##...########.#########.#
.###.#...........# .#
#.#.##..#######.@#########.#
##.###..# #......{.....$#.#
#......# #.##..##o####%#.#
#####..# #.##....#.# #..#
#.##.###.## #..####.##.# #.#
#....).....# #.# ##.#.......# #[#
#.#.......# #.#


You could see an orc priest.

Vanquished Creatures
  A phantom (D:6)
  An orc priest (D:1)
  2 jellies
  2 hounds
  An orc wizard (D:6)
  3 adders
  A white imp (D:6)
  8 orcs
  9 ball pythons
  6 endoplasms
  2 giant cockroaches (D:1)
  7 goblins
  6 hobgoblins
  4 kobolds (D:1)
  2 bats (D:1)
  7 frilled lizards
  4 rats
66 creatures vanquished.

Notes
Turn   | Place    | Note
-------+----------+-------------------------------------------
     0 | D:1      | jlumianski the Coglin Gladiator began the quest for the
                  | Orb.
     0 | D:1      | Reached XP level 1. HP: 16/16 MP: 1/1
    39 | D:2      | Noticed an orc priest
    81 | D:1      | Reached XP level 2. HP: 22/22 MP: 2/2
   235 | D:1      | Reached XP level 3. HP: 25/27 MP: 3/3
   347 | D:1      | Reached skill level 4 in Axes
   347 | D:1      | Reached XP level 4. HP: 28/33 MP: 4/4
   644 | D:1      | Reached skill level 1 in Armour
  1183 | D:2      | Found a shadowy altar of Dithmenos.
  1388 | D:3      | Found a faded altar of an unknown god.
  1409 | D:3      | You fall into a shaft and drop 3 floors!
  1431 | D:6      | Reached XP level 5. HP: 23/39 MP: 5/5
  1497 | D:6      | Noticed a phantom
  1558 | D:6      | Killed a phantom
  1559 | D:6      | Reached skill level 1 in Short Blades
  1563 | D:6      | Reached XP level 6. HP: 46/46 MP: 6/6
  1569 | D:6      | Reached skill level 5 in Axes
  1627 | D:5      | Entered Level 5 of the Dungeon
  1700 | D:5      | Found a white marble altar of Elyvilon.
  1702 | D:5      | Found a broken altar of Ashenzari.
  1724 | D:4      | Found a snail-covered altar of Cheibriados.
  1996 | D:4      | Noticed Sigmund
  2162 | D:3      | HP: 2/47 [orc priest/divine providence (9)]
  2164 | D:3      | Killed from afar by an orc priest

Illustrated notes

Levels and vault maps discovered:
D:1:      lemuel_arrival_cross, layout_loops_ring, st_stairs_1,
          dreamdust_princess_bridge
D:2:      layout_rooms, basic_altar
D:3:      layout_loops_ring, shapermc_ecumenical_altar_mp_ritualfount,
          gup_sewer_entry_pipe, serial_glass, glass_columns_b, glass_columns_b,
          glass_columns_b, glass_columns_a, glass_columns_a, glass_columns_c,
          uniq_grinder
D:4:      layout_layer_cave, general_overflow_altar, minmay_misc_feat_tower,
          uniq_sigmund, uniq_crazy_yiuf_cottage, uniq_eustachio
D:5:      layout_loops_corners, chequers_temple_overflow_statue_of_worship
D:6:      layout_cave_pools, nemelex_dance_club_becter, temple_fountains,
          serial_shops, nicolae_shop_just_a_little_nook,
          minmay_chambers_of_fives, uniq_jeremiah, uniq_blork_the_orc,
          uniq_menkaure

Skill      XL: |  1  2  3  4  5  6 |
---------------+-------------------+-----
Dodging        | 3 |  3.3
Axes           | 4 5 |  5.3
Armour         | 1 2 |  2.2
Short Blades   | 1 |  1.2
Fighting       | 3 |  3.0
Throwing       | |  1.8
Stealth        | |  0.5

Action                     |  1- 3 |  4- 6 || total
---------------------------+-------+-------++-------
  Melee: War axe           |    42 |   119 ||   161
         Dagger            |    36 |    98 ||   134
  Throw: Javelin           |       |     1 ||     1
    Use: Potion            |       |     4 ||     4
         Scroll            |       |     5 ||     5
   Stab: Sleeping          |       |     1 ||     1
 Armour: Leather armour    |    38 |    72 ||   110
         Skin              |       |    20 ||    20
         Scale mail        |       |    36 ||    36
  Dodge: Dodged            |    32 |    82 ||   114

Table legend: (Time is in decaauts)
 A = Elapsed time spent in this place.
 B = Non-inter-level travel time spent in this place.
 C = Inter-level travel time spent in this place.
 D = Time resting spent in this place.
 E = Time spent auto-exploring this place.
 F = Levels seen in this place.
 G = Mean time per level.
                   A        B        C        D        E       F      G
               +--------+--------+--------+--------+--------+-----+--------+
         Total |   2180 |   2130 |     50 |    354 |    913 |   6 |  363.3 |
       Dungeon |   2180 |   2130 |     50 |    354 |    913 |   6 |  363.3 |
               +--------+--------+--------+--------+--------+-----+--------+

Top non-repeatable levels by time:
     D:1: 806 daAuts
     D:2: 459 daAuts
     D:3: 298 daAuts
     D:5: 242 daAuts
     D:6: 205 daAuts
     D:4: 168 daAuts
